 Dungeon Crawl Stone Soup version 0.24.0-125-gc4c63601f3 (webtiles) character file.

Game seed: 8883982447564831203, levelgen mode: deterministic

328705 Ezendos the Stormcaller (level 21, -5/121 HPs)
             Began as a Tengu Air Elementalist on Mar 15, 2020.
             Was the Champion of Ashenzari.
             Slain by an emperor scorpion (18 damage)
             ... while paralysed by a hornet
             ... on level 2 of the Spider Nest on Mar 20, 2020.
             The game lasted 07:17:44 (92270 turns).

Ezendos the Stormcaller (Tengu Air Elementalist)   Turns: 92270, Time: 07:17:45

Health: -5/121     AC: 10    Str: 10    XL:     21   Next: 70%
Magic:  36/43      EV:  2    Int: 27    God:    Ashenzari [******]
Gold:   1306       SH:  0    Dex: 17    Spells: 0/54 levels left

rFire    + . .     SeeInvis +   L - staff of energy (curse)
rCold    + . .     Gourm    .   c - +5 shield (curse)
rNeg     . . .     Faith    .   b - +0 acid dragon scales
rPois    .         Spirit   .   X - +2 hat
rElec    +         Reflect  .   H - -1 cloak of the Monkey's Uncle {rElec rF+ Int+2 Stlth+} (curse)
rCorr    +         Harm     .   z - +0 pair of gloves
MR       +++..     Clarity  +   (boots unavailable)
Stlth    +++.......             f - amulet of magic regeneration (curse)
HPRegen  0.30/turn              x - ring of protection from cold
MPRegen  0.53/turn              F - ring of the Mage {Wiz MR++ Int+3} (curse)

@: paralysed, lethally poisoned (-5 -> -8), tornado, flying quickly and
evasively, deflect missiles, quick
A: beak, talons 3, frail 1, able to fly
}: 2/15 runes: decaying, gossamer
a: Stop Flying, Curse Item, Scrying, Transfer Knowledge, Renounce Religion


You were on level 2 of the Spider Nest.
You worshipped Ashenzari.
Ashenzari was exalted by your worship.
You were not hungry.

You visited 9 branches of the dungeon, and saw 42 of its levels.
You also visited: Ossuary and Ice Cave.

You collected 4760 gold pieces.
You spent 3454 gold pieces at shops.

Inventory:

Missiles
 o - a throwing net (quivered)
Armour
 b - +0 acid dragon scales (worn)
 c - a cursed +5 shield (worn)
 z - a +0 pair of gloves (worn)
 H - the cursed -1 cloak of the Monkey's Uncle (worn) {rElec rF+ Int+2 Stlth+}
   (You bought it in a shop on level 2 of the Orcish Mines)

   It affects your intelligence (+2).
   It protects you from fire.
   It insulates you from electricity.
   It makes you more stealthy.
   It has a curse placed upon it.
 X - a +2 hat (worn)
Magical Staves
 l - an uncursed staff of power
 L - a cursed staff of energy (weapon)
Jewellery
 f - a cursed amulet of magic regeneration (around neck)
 m - an uncursed ring of positive energy
 x - a ring of protection from cold (left hand)
 y - a ring of the Octopus King {rCorr AC+1 EV+1 Str+1 Int+1 Dex+1}
   (You found it on level 3 of the Depths)

   [ring of resist corrosion]

   It affects your AC (+1).
   It affects your evasion (+1).
   It affects your strength (+1).
   It affects your intelligence (+1).
   It affects your dexterity (+1).
   It provides partial protection from all sources of acid and corrosion.
 F - the cursed ring of the Mage (right hand) {Wiz MR++ Int+3}
   (You bought it in a shop on level 2 of the Orcish Mines)

   [ring of wizardry]

   It improves your spell success rate.
   It affects your intelligence (+3).
   It affects your resistance to hostile enchantments.
   It has a curse placed upon it.
 R - an uncursed ring of protection from magic
 T - an uncursed ring of poison resistance
 Y - an uncursed ring of protection from fire
Wands
 g - a wand of disintegration (34)
 I - a wand of clouds (8)
 M - a wand of acid (12)
 N - a wand of digging (5)
 O - a wand of iceblast (36)
 U - a wand of paralysis (15)
 V - a wand of scattershot (16)
Scrolls
 i - 12 scrolls of remove curse
 j - 8 scrolls of fog
 p - a scroll of summoning
 r - 16 scrolls of identify
 u - 19 scrolls of teleportation
 G - 2 scrolls of immolation
 J - 4 scrolls of magic mapping
 S - 2 scrolls of holy word
 W - 4 scrolls of fear
Potions
 a - 3 potions of invisibility
 h - 7 potions of brilliance
 k - 8 potions of ambrosia
 q - 6 potions of lignification
 s - 3 potions of heal wounds
 t - 5 potions of resistance
 w - 4 potions of mutation
 A - 2 potions of magic
 B - 9 potions of might
 D - 2 potions of agility
 E - 19 potions of curing
 K - 2 potions of cancellation
 Z - a potion of haste
Miscellaneous
 e - a phantom mirror
 n - a box of beasts
 C - a fan of gales
 P - a sack of spiders
 Q - a lightning rod (4/4)
Comestibles
 d - 23 rations


   Skills:
 - Level 15.5 Fighting
 - Level 5.0 Armour
 - Level 13.2 Dodging
 - Level 2.0 Stealth
 - Level 12.3(15.0) Shields
 - Level 17.2 Spellcasting
 - Level 15.5(18.0) Conjurations
 - Level 0.8(2.3) Charms
 - Level 13.3(16.0) Summonings
 - Level 0.8(2.3) Translocations
 + Level 18.0(20.3) Air Magic
 - Level 5.9(9.0) Earth Magic
 - Level 6.9(12.6) Evocations


You couldn't memorise any spells.
You knew the following spells:

 Your Spells              Type           Power        Failure   Level  Hunger
a - Iron Shot             Conj/Erth      #######...   1%          6    None
b - Orb of Destruction    Conj           #######...   1%          7    None
c - Airstrike             Air            #######...   0%          4    None
d - Tornado               Air            #######...   28%         9    None
p - Apportation           Tloc           #####.       1%          1    None
A - Shadow Creatures      Summ           N/A          1%          6    None
B - Spellforged Servitor  Conj/Summ      #######...   1%          7    None
C - Summon Lightning Spi  Summ/Air       #######.     0%          4    None
D - Deflect Missiles      Chrm/Air       ######....   1%          6    None
E - Swiftness             Chrm/Air       ######..     1%          2    None
F - Blink                 Tloc           N/A          1%          2    None

Your spell library contained the following spells:

 Spells                   Type           Power        Failure   Level  Hunger
 Magic Dart               Conj           ####         0%          1    None
 Shock                    Conj/Air       ####         0%          1    None
 Summon Small Mammal      Summ           ####         0%          1    None
 Call Imp                 Summ           #######.     0%          2    None
 Call Canine Familiar     Summ           #######.     0%          3    None
 Static Discharge         Conj/Air       #######.     0%          3    None
 Beastly Appendage        Tmut           ####..       1%          1    None
 Corona                   Hex            ####...      1%          1    None
 Flame Tongue             Conj/Fire      #####        1%          1    None
 Freeze                   Ice            ####         1%          1    None
 Sandblast                Erth           ######       1%          1    None
 Corpse Rot               Necr           N/A          1%          2    None
 Ensorcelled Hibernation  Hex/Ice        ####..       1%          2    None
 Passwall                 Tmut/Erth      #####...     1%          2    None
 Shroud of Golubria       Chrm/Tloc      #####.       1%          2    None
 Slow                     Hex            ####....     1%          2    None
 Sticks to Snakes         Tmut           ####....     1%          2    None
 Throw Frost              Conj/Ice       ######       1%          2    None
 Conjure Flame            Conj/Fire      ######..     1%          3    None
 Dazzling Spray           Conj/Hex       ######       1%          3    None
 Gell's Gravitas          Tloc           #####.....   1%          3    None
 Lesser Beckoning         Tloc           #####.....   1%          3    None
 Mephitic Cloud           Conj/Pois/Air  #######.     1%          3    None
 Stone Arrow              Conj/Erth      ######       1%          3    None
 Summon Guardian Golem    Hex/Summ       ######..     1%          3    None
 Teleport Other           Tloc           #####...     1%          3    None
 Force Lance              Conj/Tloc      ######..     1%          4    None
 Leda's Liquefaction      Hex/Erth       #####.....   1%          4    None
 Petrify                  Tmut/Erth      #####...     1%          4    None
 Sticky Flame             Conj/Fire      ######..     1%          4    None
 Summon Ice Beast         Ice/Summ       ######..     1%          4    None
 Throw Icicle             Conj/Ice       ######..     1%          4    None
 Bolt of Magma            Conj/Fire/Erth ######....   1%          5    None
 Iskenderun's Battlesphe  Conj/Chrm      ######..     1%          5    None
 Lee's Rapid Deconstruct  Erth           ######....   1%          5    None
 Lightning Bolt           Conj/Air       #######...   1%          5    None
 Silence                  Hex/Air        ######....   1%          5    None
 Summon Forest            Summ/Tloc      ######....   1%          5    None
 Venom Bolt               Conj/Pois      ######....   1%          5    None
 Conjure Ball Lightning   Conj/Air       #######...   1%          6    None
 Summon Hydra             Summ           #######...   1%          7    None
 Ozocubu's Armour         Chrm/Ice       ####....     2%          3    None
 Confuse                  Hex            ####....     3%          3    None
 Ignite Poison            Fire/Tmut/Pois ####....     3%          3    None
 Spider Form              Tmut/Pois      ####......   3%          3    None
 Tukima's Dance           Hex            ####....     3%          3    None
 Passage of Golubria      Tloc           N/A          4%          4    None
 Cause Fear               Hex            ####......   11%         4    None
 Ice Form                 Ice/Tmut       ####....     11%         4    None
 Blade Hands              Tmut           ####......   28%         5    None
 Yara's Violent Unravell  Hex/Tmut       ####......   28%         5    None
 Darkness                 Hex            ####......   82%         6    None
 Hydra Form               Tmut           ####......   82%         6    None
 Invisibility             Hex            ####....     82%         6    None
 Ring of Flames           Chrm/Fire      ####......   99%         7    None
 Discord                  Hex            ####......   100%        8    None


Dungeon Overview and Level Annotations

Branches:
Dungeon (15/15)            Temple (1/1) D:5            Lair (6/6) D:10
  Swamp (4/4) Lair:3       Spider (4/4) Lair:4        Slime (0/5) Lair:6
    Orc (2/2) D:9             Elf (3/3) Orc:2        Vaults (4/5) D:13
  Crypt (0/3) Vaults:2     Depths (3/5) D:15        Ossuary (visited)
  IceCv (visited)

Altars:
Ashenzari
Cheibriados
Dithmenos
Elyvilon
Fedhas
Gozag
Hepliaklqana
Kikubaaqudgha
Makhleb
Nemelex Xobeh
Okawaru
Qazlal
Ru
Sif Muna
Trog
Uskayaw
Vehumet
Wu Jian
Xom
Yredelemnul
Zin
The Shining One
Beogh
Jiyva

Shops:
D:6 [   D:7 (   D:9 (   D:12 [   D:13 (   Orc:2 =!***   Elf:2 *=}=   Vaults:4 ?

Portals:
Hell: Depths:1 Depths:2
Abyss: Depths:1
Trove: Vaults:3 (give +4 ice dragon scales)

Annotations:
Spider:2 1 transporter, Ifythroe's ghost, adept CeHu
Elf:1 6 runed translucent doors
Depths:2 4 exclusions, the Enchantress


Innate Abilities, Weirdness & Mutations

You have a beak for a mouth.
You have claws for feet.
You can fly continuously.
You are frail. (-10% HP)


Message History

The moth of wrath goads the emperor scorpion on!
The emperor scorpion goes berserk!
You block the spark wasp's attack. You block the hornet's attack.
You kill the moth of wrath!
The hornet stings you!
You are poisoned.
You suddenly lose the ability to move!
The spark wasp stings you! The spark wasp shocks you. You resist.
You kill the hornet!
You feel sick. The emperor scorpion stings you!!
The emperor scorpion claws you! The emperor scorpion claws you.
Ifythroe's ghost hits you! Ifythroe's ghost burns you.
The spark wasp stings you!
* * * LOW HITPOINT WARNING * * *
The spark wasp shocks you. You resist.
* * * LOW HITPOINT WARNING * * *
The emperor scorpion stings you!!
* * * LOW HITPOINT WARNING * * *
The emperor scorpion claws you!!
You die...

#..## #...#####...## ##..#
#.###.©.###..# .#..##
#.#.......##.# .##..#
##.#..§#.#..#.# ..##(#
#..#{.§#§#..#.# ..#.##
#####.##§#§s§§(##.# ###.#
#...#.#s#s§§#§[#..## #...#
##.....#Wys#§§§!#©..#
#...####..##..##@§§§§#!#...#
####.##.####..©#§#§§§#(##..# #
#.##.##.....##§§##§#(∆#..# #
##...#...##.#§§§#..§#.#..######
#
#...##.###.##§§§.#..##........
#
#####.####..##§§§...#..#######
####..>##..###..#####.##.##
^#......#...###.....###..#
.##.....##.#.######..)..##


You could see an emperor scorpion (berserk), a spark wasp, 2 orb spiders, a
jumping spider and Ifythroe's ghost.

Vanquished Creatures
  Boris (twice) (Vaults:3 Depths:3)
  Saint Roka (Depths:2)
  2 titans
  5 sphinxes
  A thorn hunter (Swamp:2)
  3 fire giants
  A deep elf sorcerer (Vaults:1)
  3 frost giants
  4 ghost moths
  A frost giant (shapeshifter) (Vaults:2)
  2 emperor scorpions (Spider:3)
  8 vault wardens
  An orc warlord (Orc:1)
  The ghost of Qoephot the Bludgeoner, a journeyman MiBe of Trog (Lair:6)
  9 stone giants
  11 ironheart preservers
  2 entropy weavers
  Azrael (D:14)
  A deep elf demonologist (Elf:1)
  A spark wasp (Spider:4)
  A dire elephant (D:15)
  3 ettins (Depths:1)
  2 deep elf death magi (Vaults:2)
  Josephine (Swamp:1)
  4 fire dragons
  A great orb of eyes (shapeshifter) (Vaults:2)
  5 ogre magi
  3 yaktaur captains
  2 great orbs of eyes
  2 deep elf high priests (Elf:1)
  6 ice dragons
  3 rakshasas
  15 hydras
  2 shambling mangroves
  8 vault guards
  A ghost crab (Swamp:4)
  5 centaur warriors
  A catoblepas (Lair:5)
  12 two-headed ogres
  19 dancing weapons
  8 alligators
  3 death yaks (Lair:5)
  A tengu warrior (Depths:3)
  A vampire mage (Vaults:2)
  An orc high priest (Orc:2)
  A spriggan berserker (Depths:2)
  14 deep elf knights
  A deep troll earth mage (Depths:2)
  A soul eater (Vaults:2)
  Sonja (Lair:4)
  3 hell knights (Depths:2)
  4 spriggans
  A shadow wraith (Vaults:2)
  An unseen horror (D:14)
  3 glowing orange brains
  3 deep trolls (Depths:2)
  4 skeletal warriors
  3 spriggan druids
  A swamp dragon (shapeshifter) (Elf:1)
  2 large abominations (Depths:1)
  3 swamp dragons
  2 flayed ghosts
  2 wizards
  8 deep elf archers
  5 ironbrand convokers
  Pikel (D:5)
  7 orc knights
  2 phantasmal warriors
  A sphinx zombie (Depths:3)
  A harpy (Vaults:3)
  40 deep elf magi
  2 necromancers
  18 wolf spiders
  4 orc sorcerers
  6 ugly things
  14 orb spiders
  2 manticores
  5 moths of wrath
  3 cyclopes
  4 salamanders
  A black mamba (Lair:6)
  7 vault sentinels
  4 elephants (Lair:5)
  A guardian serpent (shapeshifter) (Vaults:2)
  An ice statue (IceCv)
  2 torpor snails
  A gargoyle (D:15)
  8 spiny frogs
  5 komodo dragons
  12 rime drakes
  9 freezing wraiths
  A tengu conjurer (Depths:3)
  9 yaktaurs
  An efreet (D:15)
  14 demonic crawlers
  6 meliai
  19 jumping spiders
  5 trolls
  13 polar bears
  7 bog bodies
  21 hornets
  7 blink frogs
  5 tyrant leeches
  A saltling (Vaults:4)
  Prince Ribbit (D:5)
  15 hippogriffs
  A tengu simulacrum (Vaults:3)
  A blink frog (shapeshifter) (Vaults:3)
  20 slime creatures
  A frost giant simulacrum (Vaults:3)
  3 air elementals
  42 redbacks
  Sigmund (D:2)
  19 tarantellas
  8 water elementals
  25 yaks
  4 fire elementals
  7 wraiths
  4 wyverns
  3 shadows
  A human (D:7)
  A yak (shapeshifter) (D:10)
  A hog (shapeshifter) (Vaults:4)
  4 hogs (D:7)
  10 basilisks
  A human (shapeshifter) (Vaults:2)
  2 chaos spawn (Depths:1)
  2 hungry ghosts
  3 steam dragons (Lair:6)
  A human simulacrum (Vaults:1)
  3 swamp worm simulacra (Swamp:4)
  Menkaure (D:5)
  14 swamp worms
  15 vampire mosquitoes
  10 insubstantial wisps
  6 wargs
  6 acid dragons
  A hell hound (D:14)
  11 hydra simulacra
  17 porcupines
  17 water moccasins
  A floating eye (Depths:2)
  4 swamp drakes
  50 orc warriors
  4 slaves (D:4)
  4 black bears
  5 ice beasts
  8 sky beasts
  A hornet zombie (D:6)
  5 necrophages (Lair:4)
  2 phantoms
  25 wolves
  18 ogres
  11 boggarts
  14 centaurs
  4 small abominations (Depths:1)
  16 crocodiles
  A big kobold (D:14)
  19 bullfrogs
  5 earth elementals
  4 wyvern zombies
  A water moccasin zombie (D:7)
  A water moccasin skeleton (D:6)
  6 scorpions
  2 howler monkeys
  3 wights (D:7)
  12 electric eels
  3 vampire bats (D:7)
  6 crimson imps
  A quasit (D:8)
  3 centaur zombies
  4 hounds
  4 bullfrog zombies
  7 centaur skeletons
  3 bullfrog skeletons
  3 jellies
  23 orc priests
  An iron imp (Depths:2)
  20 orc wizards
  4 iguanas
  14 worker ants
  3 hound skeletons
  9 mummies
  3 worker ant zombies
  2 howler monkey zombies (D:11)
  Robin (D:3)
  A howler monkey skeleton (D:6)
  A river rat (Lair:6)
  14 adders
  7 gnolls
  7 shadow imps
  9 white imps (D:14)
  3 swamp drake simulacra (Swamp:4)
  3 adder zombies (D:6)
  3 worms (Lair:4)
  2 dart slugs (D:1)
  6 leopard geckos
  95 orcs
  3 bat skeletons (D:7)
  4 bat zombies (D:7)
  7 giant cockroaches
  3 gnoll zombies (Ossuary)
  19 goblins
  5 hobgoblins
  10 jackals
  11 kobolds
  2 quokkas
  3 ball pythons
  A ball python skeleton (D:4)
  12 bats
  5 frilled lizards
  3 hobgoblin zombies (Ossuary)
  2 jackal zombies
  A kobold zombie (Ossuary)
  An orc zombie (Ossuary)
  A quokka skeleton (D:6)
  10 rats
  A spectral orc (D:9)
  2 crawling corpses (Vaults:2)
1382 creatures vanquished.

Vanquished Creatures (collateral kills)
  Nikola (Swamp:2)
  A golden dragon (Depths:2)
  Asterion (Depths:2)
  Frances (Swamp:2)
  Kirke (Elf:1)
  A thorn hunter (Swamp:4)
  Agnes (Elf:2)
  Donald (Spider:1)
  A fire giant (Vaults:4)
  The ghost of Foxy the Peltast, an adept GrFi of the Shining One (Swamp:2)
  2 frost giants
  An orc warlord (Vaults:4)
  Aizul (Elf:1)
  2 vault wardens
  2 emperor scorpions (Spider:4)
  4 ironheart preservers
  A stone giant (Depths:2)
  A deep elf annihilator (Vaults:1)
  A deep elf demonologist (Elf:1)
  The ghost of Hairutzoic the Fighter, a journeyman MiBe of Trog (Lair:5)
  2 spark wasps (Spider:4)
  A deep elf death mage (Vaults:2)
  A fire dragon (Lair:6)
  3 yaktaur captains
  A great orb of eyes (Vaults:3)
  A deep elf high priest (Elf:1)
  6 ogre magi
  5 vault guards
  2 ice dragons
  2 hydras
  3 shambling mangroves
  4 centaur warriors
  2 death knights
  3 dancing weapons
  2 alligators
  7 two-headed ogres
  2 death yaks (IceCv)
  A tengu warrior (Depths:3)
  A deep troll earth mage (Depths:1)
  A deep troll shaman (Depths:2)
  2 spriggans (Swamp:3)
  Nergalle (D:10)
  3 hell knights (Depths:2)
  7 deep elf knights
  A fire crab (shapeshifter) (Vaults:1)
  2 spriggan druids
  3 swamp dragons
  A glowing orange brain (Vaults:3)
  4 skeletal warriors
  6 deep elf archers
  2 unseen horrors (Depths:1)
  An ironbrand convoker (Vaults:2)
  17 deep elf magi
  11 wolf spiders
  3 harpies (Vaults:3)
  5 orc knights
  A necromancer (Depths:2)
  5 small abominations
  9 ugly things
  2 orc sorcerers
  A cyclops (D:11)
  A moth of wrath (Spider:4)
  A manticore (D:15)
  A faun (shapeshifter) (Elf:1)
  2 centaur zombies (D:14)
  A guardian serpent (Vaults:4)
  2 vault sentinels
  A black mamba (Lair:5)
  3 spiny frogs
  2 demonic crawlers
  8 yaktaurs
  A kobold demonologist (D:14)
  A troll (D:13)
  14 jumping spiders
  3 tyrant leeches
  A tengu simulacrum (Vaults:2)
  6 hornets
  A merfolk (D:15)
  4 polar bears (IceCv)
  A slime creature (shapeshifter) (D:13)
  14 slime creatures
  A bog body (Swamp:4)
  A saltling (Vaults:4)
  9 tarantellas
  17 redbacks
  An elf simulacrum (Depths:3)
  A large abomination (Depths:1)
  A wraith (Vaults:1)
  7 yaks
  2 basilisks (D:15)
  An elf zombie (Depths:3)
  3 fire elementals (D:14)
  6 hogs (Elf:1)
  A swamp worm simulacrum (Swamp:4)
  3 vampire mosquitoes
  5 insubstantial wisps
  A spatial vortex (Swamp:4)
  6 wargs
  3 swamp worms
  6 hydra simulacra
  A hell hound (D:14)
  A porcupine (Lair:5)
  An ice beast (D:14)
  A sky beast (D:10)
  2 black mamba simulacra (Lair:6)
  16 orc warriors
  19 ogres
  3 wolves (IceCv)
  7 centaurs
  A spiny frog simulacrum (Lair:6)
  3 wights (D:10)
  A torpor snail simulacrum (Lair:6)
  A quasit (D:13)
  A fire crab simulacrum (Lair:6)
  A bullfrog skeleton (D:13)
  5 orc priests
  5 orc wizards
  A worker ant (D:14)
  3 white imps (D:14)
  A swamp drake simulacrum (Swamp:4)
  26 orcs
  4 kobolds (D:14)
  A crawling corpse (Vaults:2)
  A plant (Lair:6)
412 creatures vanquished.

Vanquished Creatures (others)
  An azure jelly (Swamp:4)
  A ghost moth (Spider:4)
  A centaur warrior (Vaults:2)
  A dancing weapon (Elf:2)
  An orb spider (Spider:4)
  6 yaktaurs
  A komodo dragon (Lair:6)
  A tyrant leech (Swamp:4)
  2 water elementals (D:14)
  A basilisk (Lair:6)
  A sky beast (D:14)
  2 orc warriors (Orc:2)
  4 centaurs
  A wyvern skeleton (D:14)
  2 bullfrog skeletons
  A jelly (D:8)
  3 orcs (Orc:2)
  A bush (Lair:5)
  21 fungi
  13 plants
65 creatures vanquished.

Grand Total: 1859 creatures vanquished

Notes
Turn   | Place    | Note
-------+----------+-------------------------------------------
     0 | D:1      | Ezendos the Tengu Air Elementalist began the quest for the
                  | Orb.
     0 | D:1      | Reached XP level 1. HP: 10/10 MP: 4/4
   355 | D:1      | Reached XP level 2. HP: 16/16 MP: 4/6
   356 | D:1      | Reached skill level 1 in Fighting
   436 | D:1      | Learned a level 2 spell: Swiftness
   898 | D:1      | Reached XP level 3. HP: 21/21 MP: 4/7
  1478 | D:2      | Noticed Sigmund
  1491 | D:1      | Learned a level 3 spell: Static Discharge
  1734 | D:2      | Found an iron altar of Okawaru.
  1982 | D:3      | Noticed Robin
  1992 | D:2      | Reached XP level 4. HP: 17/26 MP: 2/9
  2414 | D:2      | Found an ornate altar of the Wu Jian Council.
  2582 | D:3      | Found a burning altar of Makhleb.
  3034 | D:3      | Killed Robin
  3340 | D:3      | Gained mutation: You can fly continuously. [Tengu growth]
  3340 | D:3      | Reached XP level 5. HP: 30/30 MP: 7/10
  4144 | D:4      | Reached skill level 1 in Shields
  4144 | D:4      | Reached XP level 6. HP: 30/36 MP: 2/11
  4440 | D:4      | Learned a level 4 spell: Airstrike
  5143 | D:2      | Killed Sigmund
  5143 | D:2      | Reached skill level 1 in Armour
  5143 | D:2      | Reached skill level 5 in Air Magic
  5143 | D:2      | Reached XP level 7. HP: 30/41 MP: 7/12
  5975 | D:5      | Entered Level 5 of the Dungeon
  6286 | D:5      | Noticed Menkaure
  6286 | D:5      | Noticed Prince Ribbit
  6465 | D:5      | Killed Menkaure
  6532 | D:5      | Noticed Pikel
  6627 | D:5      | Killed Prince Ribbit
  6627 | D:5      | Reached skill level 6 in Air Magic
  6627 | D:5      | Reached XP level 8. HP: 23/46 MP: 15/15
  7032 | D:5      | Identified the cursed +1 ring mail of Zin's Esteem {+Blink
                  | Str+3}
  7234 | D:5      | Found a staircase to the Ecumenical Temple.
  7266 | Temple   | Entered the Ecumenical Temple
  7482 | Temple   | Became a worshipper of Ashenzari the Shackled
  7526 | D:5      | Killed Pikel
  7526 | D:5      | Reached skill level 9 in Air Magic
  7618 | D:5      | Found a shimmering blue altar of Sif Muna.
  7723 | D:6      | Reached XP level 9. HP: 52/52 MP: 13/16
  7738 | D:6      | Found a sand-covered staircase.
  7751 | Ossuary  | Entered an ossuary
  7965 | Ossuary  | Reached skill level 5 in Fighting
  7972 | Ossuary  | Learned a level 5 spell: Lightning Bolt
  8273 | D:6      | Reached skill level 5 in Conjurations
  8373 | D:6      | Found Bisch's Antique Armour Shop.
  8382 | D:6      | Bought a cloak for 112 gold pieces
  8666 | D:6      | Found a blossoming altar of Fedhas.
  8828 | D:6      | Reached skill level 10 in Air Magic
  9361 | D:7      | Reached skill level 5 in Spellcasting
  9560 | D:7      | Identified the cursed +0 plate armour "Zusakuss" {*Slow
                  | rElec rCorr Str+8}
  9934 | D:8      | Reached XP level 10. HP: 61/61 MP: 19/19
 10706 | D:7      | Found an ancient bone altar of Kikubaaqudgha.
 11215 | D:7      | Found Cetior's Antique Weapon Shop.
 11489 | D:7      | Reached * piety under Ashenzari
 11813 | D:8      | Noticed a manticore
 13132 | D:8      | Killed a manticore
 13132 | D:8      | Reached skill level 5 in Dodging
 13615 | D:9      | Reached XP level 11. HP: 68/68 MP: 20/23
 14046 | D:9      | Found a hide-covered altar of Uskayaw.
 14048 | D:9      | Noticed a +0 dagger
 14048 | D:9      | Noticed a +0 dagger
 14779 | D:9      | Found Xaciumn's Weapon Emporium.
 14841 | D:9      | Found a staircase to the Orcish Mines.
 14977 | D:9      | Found a glowing golden altar of the Shining One.
 15085 | D:9      | Found a basalt altar of Yredelemnul.
 15198 | D:10     | Entered Level 10 of the Dungeon
 15388 | D:10     | Reached ** piety under Ashenzari
 15615 | D:10     | Found a staircase to the Lair.
 15709 | D:10     | Learned a level 7 spell: Spellforged Servitor
 15856 | D:10     | Reached skill level 1 in Summonings
 15914 | D:10     | Noticed Nergalle
 16123 | Lair:1   | Entered Level 1 of the Lair of Beasts
 16862 | Lair:2   | Reached *** piety under Ashenzari
 17194 | Lair:2   | Found a shattered altar of Ashenzari.
 17648 | Lair:2   | Noticed a five-headed hydra
 17656 | Lair:2   | Killed a five-headed hydra
 17656 | Lair:2   | Reached skill level 10 in Fighting
 18248 | Lair:3   | Reached skill level 5 in Summonings
 18248 | Lair:3   | Reached XP level 12. HP: 77/77 MP: 25/25
 19107 | Lair:3   | Noticed a five-headed hydra
 19114 | Lair:3   | Killed a five-headed hydra
 19494 | Lair:3   | Reached **** piety under Ashenzari
 19784 | Lair:3   | Found a staircase to the Swamp.
 20179 | Lair:3   | Noticed an eight-headed hydra
 20206 | Lair:3   | Killed an eight-headed hydra
 20378 | Lair:4   | Reached skill level 5 in Armour
 20637 | Lair:4   | Noticed Sonja
 20643 | Lair:4   | Killed Sonja
 20698 | Lair:4   | Reached skill level 1 in Evocations
 21667 | Lair:4   | Found a hole to the Spider Nest.
 22008 | Lair:5   | Found a runed translucent gate.
 22008 | Lair:5   | Noticed Hairutzoic's ghost (journeyman MiBe)
 22008 | Lair:5   | Noticed a four-headed hydra
 22014 | Lair:5   | Identified the cursed +0 falchion of Peace {venom, rN+
                  | Int+3}
 22028 | Lair:5   | Found a runed translucent gate.
 22028 | Lair:5   | Found a runed translucent gate.
 22158 | Lair:5   | Reached skill level 10 in Conjurations
 22241 | Lair:5   | Noticed a six-headed hydra
 22280 | Lair:5   | Learned a level 7 spell: Orb of Destruction
 22317 | Lair:5   | Killed a six-headed hydra
 22436 | Lair:5   | Noticed a death yak
 22436 | Lair:5   | Noticed a death yak
 22466 | Lair:5   | Killed a death yak
 22466 | Lair:5   | Reached XP level 13. HP: 82/82 MP: 23/27
 23284 | Lair:5   | Reached skill level 10 in Spellcasting
 23398 | Lair:5   | Reached ***** piety under Ashenzari
 24003 | Lair:5   | Reached skill level 10 in Summonings
 25283 | Lair:6   | Entered Level 6 of the Lair of Beasts
 26786 | Lair:6   | Found a viscous altar of Jiyva.
 26786 | Lair:6   | Found a staircase to the Slime Pits.
 26816 | Lair:6   | Found a runed translucent gate.
 26816 | Lair:6   | Found a runed translucent gate.
 26816 | Lair:6   | Found a runed translucent gate.
 27125 | Lair:6   | Reached XP level 14. HP: 88/88 MP: 14/29
 27130 | Lair:6   | Noticed Qoephot's ghost (journeyman MiBe)
 28465 | D:10     | HP: 3/88 [earth elemental (20)]
 28835 | Orc:1    | Entered Level 1 of the Orcish Mines
 29082 | Orc:2    | Entered Level 2 of the Orcish Mines
 29326 | D:10     | Killed Nergalle
 29335 | D:10     | Reached skill level 15 in Conjurations
 30497 | D:12     | Found Feonix's Armour Shoppe.
 30593 | D:12     | Learned a level 3 spell: Conjure Flame
 30718 | D:12     | Found a shimmering altar of Xom.
 31741 | D:13     | Found a gate to the Vaults.
 31828 | D:13     | Found Ashin's Antique Weapon Shoppe.
 32086 | D:13     | Learned a level 2 spell: Blink
 32345 | D:14     | Noticed Azrael
 32839 | D:14     | Found a frozen archway.
 32930 | D:14     | Found a stormy altar of Qazlal.
 32936 | IceCv    | Entered an ice cave
 34536 | IceCv    | Noticed a frost giant
 34561 | IceCv    | Killed a frost giant
 34816 | IceCv    | Identified the cursed +1 hand crossbow "Olioxkes" {freeze,
                  | Str+5 Int-3 Dex+2}
 34816 | IceCv    | Identified the Catalogue of the Igneous Traveller
 34820 | IceCv    | Learned a level 1 spell: Apportation
 35145 | D:10     | Reached XP level 15. HP: 95/95 MP: 24/31
 35923 | Swamp:1  | Entered Level 1 of the Swamp
 36491 | Swamp:1  | Noticed Josephine
 36494 | Swamp:1  | Killed Josephine
 37851 | Swamp:2  | Noticed Frances
 38189 | Swamp:2  | Noticed a thorn hunter
 38198 | Swamp:2  | HP: 4/96 [swamp worm/harpoon shot (8)]
 38205 | Swamp:2  | Noticed Nikola
 39577 | Swamp:3  | Learned a level 3 spell: Mephitic Cloud
 40423 | D:14     | Killed Azrael
 41273 | D:15     | Entered Level 15 of the Dungeon
 41957 | Lair:6   | Reached ****** piety under Ashenzari
 42414 | Swamp:2  | Reached skill level 10 in Dodging
 42604 | Swamp:2  | Killed Nikola
 42858 | Swamp:2  | Found a runed translucent door.
 42906 | Swamp:2  | Reached XP level 16. HP: 104/104 MP: 32/33
 42921 | Swamp:2  | Killed a thorn hunter
 42921 | Swamp:2  | Reached skill level 5 in Shields
 43250 | Swamp:2  | Reached skill level 5 in Evocations
 43407 | Swamp:2  | Killed Frances
 43587 | Swamp:2  | Paralysed by a hornet for 2 turns
 43994 | Swamp:2  | Noticed Foxy's ghost (adept GrFi)
 44068 | Swamp:2  | Identified a scroll of acquirement
 44075 | Swamp:2  | Got the cursed chain mail of Muqivoc {rElec rF+ rN++}
 45666 | Swamp:4  | Entered Level 4 of the Swamp
 45692 | Swamp:4  | Noticed a thorn hunter
 45699 | Swamp:4  | Killed a thorn hunter
 47322 | Swamp:4  | Learned a level 4 spell: Summon Lightning Spire
 47467 | Swamp:4  | Killed an azure jelly
 49042 | Swamp:4  | Got a decaying rune of Zot
 50089 | Orc:2    | Found Ulein's General Store.
 50089 | Orc:2    | Found Luzec's General Store.
 50089 | Orc:2    | Found Heluojo's Assorted Antiques.
 50092 | Orc:2    | Found Xoinwoas's Distillery.
 50100 | Orc:2    | Bought a scroll of identify for 28 gold pieces
 50103 | Orc:2    | Bought the ring of the Mage {Wiz MR++ Int+3} for 1292 gold
                  | pieces
 50103 | Orc:2    | Found the ring of the Mage {Wiz MR++ Int+3}
 50105 | Orc:2    | Bought the cursed -1 cloak of the Monkey's Uncle {rElec rF+
                  | Int+2 Stlth+} for 343 gold pieces
 51104 | Orc:2    | Reached skill level 10 in Shields
 51170 | Orc:2    | Found a staircase to the Elven Halls.
 51719 | Orc:2    | Found Naukidic's Jewellery Emporium.
 51807 | Orc:2    | Found a roughly hewn altar of Beogh.
 53548 | D:15     | Reached XP level 17. HP: 108/108 MP: 34/34
 54440 | D:15     | Found a staircase to the Depths.
 54644 | Spider:1 | Entered Level 1 of the Spider Nest
 55683 | Spider:1 | Noticed Donald
 55690 | Spider:1 | Killed Donald
 56845 | Spider:2 | Found a transporter.
 56866 | Spider:2 | Noticed Ifythroe's ghost (adept CeHu)
 57223 | Spider:2 | Found a transporter.
 60989 | Spider:4 | Entered Level 4 of the Spider Nest
 61432 | Spider:4 | Reached skill level 11 in Air Magic
 61680 | Spider:4 | Identified the cursed +2 longbow of Meollify {venom, Int+4}
 63783 | Spider:4 | Reached skill level 12 in Air Magic
 63789 | Spider:4 | Reached XP level 18. HP: 114/114 MP: 24/36
 65134 | Spider:4 | Learned a level 6 spell: Deflect Missiles
 65522 | Spider:4 | Got a gossamer rune of Zot
 65869 | Vaults:1 | Entered Level 1 of the Vaults
 68019 | Vaults:1 | Reached skill level 15 in Spellcasting
 68826 | Vaults:2 | HP: 5/116 [deep elf archer/arrow[the power of Zot] (12)]
 69075 | Vaults:2 | Reached skill level 13 in Air Magic
 70096 | Vaults:2 | Reached XP level 19. HP: 98/121 MP: 31/39
 70682 | Vaults:2 | Found a staircase to the Crypt.
 70732 | Vaults:2 | Reached skill level 14 in Air Magic
 70923 | Vaults:2 | Found a hazy altar of Hepliaklqana.
 71248 | Vaults:2 | Learned a level 6 spell: Iron Shot
 71385 | Vaults:2 | Reached skill level 1 in Earth Magic
 73244 | Vaults:3 | Noticed Boris
 73251 | Vaults:3 | Killed Boris
 73277 | Vaults:3 | Reached skill level 5 in Earth Magic
 75148 | Elf:1    | Entered Level 1 of the Elven Halls
 75904 | Elf:1    | Noticed Aizul
 76282 | Elf:1    | Noticed Kirke
 76289 | Elf:1    | Killed Kirke
 76571 | Elf:1    | Noticed a Hell Sentinel
 76678 | Elf:1    | Identified the Collected Works on the Escort
 76689 | Elf:1    | Learned a level 6 spell: Shadow Creatures
 77145 | Elf:1    | Reached XP level 20. HP: 88/127 MP: 39/41
 77289 | Elf:1    | Found a runed translucent gate.
 77289 | Elf:1    | Found a runed translucent gate.
 77289 | Elf:1    | Found a runed translucent gate.
 77289 | Elf:1    | Found a runed translucent gate.
 77289 | Elf:1    | Found a runed translucent gate.
 77291 | Elf:1    | Found a runed translucent gate.
 77381 | Elf:1    | Killed Aizul
 78435 | Elf:2    | Found Voeq's Jewellery Shoppe.
 78535 | Elf:2    | Found Niutisim's Gadget Emporium.
 78537 | Elf:2    | Found Osmomin's Jewellery Shoppe.
 78540 | Elf:2    | Found Gyge Fadd's General Store.
 78547 | Elf:2    | Bought a potion of heal wounds for 65 gold pieces
 78547 | Elf:2    | Bought a potion of resistance for 130 gold pieces
 78547 | Elf:2    | Bought a ration for 65 gold pieces
 78547 | Elf:2    | Bought a ration for 65 gold pieces
 79135 | Elf:2    | Found a huge runed translucent gate.
 79135 | Elf:2    | Found a huge runed translucent gate.
 79135 | Elf:2    | Found a huge runed translucent gate.
 79135 | Elf:2    | Found a huge runed translucent gate.
 79136 | Elf:2    | Found a huge runed translucent gate.
 80107 | Elf:2    | Reached skill level 15 in Fighting
 80129 | Elf:2    | Noticed Agnes
 80135 | Elf:2    | Killed Agnes
 80471 | Elf:3    | Entered Level 3 of the Elven Halls
 81801 | Vaults:3 | Found a portal to a secret trove of treasure.
 82819 | Vaults:4 | Found Cola's Magic Scroll Shoppe.
 83497 | Vaults:4 | Reached skill level 15 in Air Magic
 85432 | Orc:2    | Bought a potion of heal wounds for 125 gold pieces
 85432 | Orc:2    | Bought a scroll of amnesia for 87 gold pieces
 85432 | Orc:2    | Bought a potion of mutation for 200 gold pieces
 85437 | Orc:2    | Bought 2 potions of invisibility for 192 gold pieces
 85437 | Orc:2    | Bought a potion of resistance for 120 gold pieces
 85674 | Depths:1 | Entered Level 1 of the Depths
 86222 | Depths:1 | Reached XP level 21. HP: 135/135 MP: 17/42
 86643 | Depths:1 | Found a one-way gate to the infinite horrors of the Abyss.
 87525 | Depths:1 | Found a gateway to Hell.
 87560 | Depths:1 | Identified the +4 mace of Setiem {venom, rF- rN+++ Str-2
                  | Int+8}
 87648 | Depths:2 | Noticed Asterion
 88791 | Depths:2 | Gained mutation: You are frail. (-10% HP) [a cacodemon]
 88804 | Depths:2 | Killed Asterion
 88806 | Depths:2 | Reached skill level 16 in Air Magic
 88831 | Depths:2 | Learned a level 9 spell: Tornado
 89131 | Depths:2 | Noticed Saint Roka
 89138 | Depths:2 | Killed Saint Roka
 89382 | Depths:2 | Noticed a golden dragon
 89394 | Depths:2 | Killed a golden dragon
 89625 | Depths:2 | Noticed the Enchantress
 90166 | Elf:2    | Bought an uncursed amulet of magic regeneration for 630
                  | gold pieces
 90656 | Depths:2 | Reached skill level 17 in Air Magic
 90781 | Depths:2 | Noticed a caustic shrike
 91109 | Depths:3 | Found the ring of the Octopus King {rCorr AC+1 EV+1 Str+1
                  | Int+1 Dex+1}
 91109 | Depths:3 | Found the ring of the Octopus King {rCorr AC+1 EV+1 Str+1
                  | Int+1 Dex+1}
 91141 | Depths:3 | Noticed Boris
 91146 | Depths:3 | Killed Boris
 91450 | Lair:5   | Killed Hairutzoic's ghost
 91550 | Lair:6   | Killed Qoephot's ghost
 91909 | Swamp:2  | Killed Foxy's ghost
 91909 | Swamp:2  | Reached skill level 18 in Air Magic
 92269 | Spider:2 | Paralysed by a hornet for 3 turns
 92270 | Spider:2 | Slain by an emperor scorpion

Levels and vault maps discovered:
D:1:      minmay_arrival_stone_box, layout_basic,
          wander_ebering_terrifying_dragon_lair
D:2:      layout_loops_ring, okawaru_trees_1, lemuel_coloured_pillars_altar,
          minmay_misc_feat_alley, uniq_sigmund
D:3:      layout_rooms, lemuel_doored_altar, minivault_24, minmay_misc_feat_x,
          uniq_robin
D:4:      kennysheep_big_flooded_room, layout_loops_corners,
          kennysheep_generic_room_6
D:5:      layout_rooms, lemuel_blue_sif_altar, minmay_temple_entry_grid,
          first_ration, uniq_pikel, uniq_prince_ribbit1, uniq_menkaure
D:6:      layout_cave_pools, gup_ossuary_entry_pyramid, serial_shops,
          nicolae_shop_waterfront, serial_undead, serial_undead_c,
          serial_undead_d, serial_undead_c, serial_undead_d,
          chequers_serial_rivers_micro_e, fedhas_altar_4
D:7:      layout_loops_corners, kennysheep_vampire_church, serial_shops, shop,
          grunt_livestock, minmay_fractal_squares_diagonal_5
D:8:      layout_loops_corners, chequers_serial_rivers_micro_e,
          lemuel_flame_loot_1
D:9:      layout_basic, dancing_weapons_uskayaw,
          yredelemnul_forgotten_temple_becter, nicolae_tso_swordbearing_angel,
          orc_david_3
D:10:     minmay_stone_box, layout_rooms, erik_lair_orcish_takeover,
          uniq_nergalle
D:11:     layout_roguey
D:12:     layout_basic, serial_shops, shop_fountains, basic_altar
D:13:     layout_loops_ring, lightli_vaults_fourway_checkpoint, serial_shops,
          shop_statue
D:14:     layout_rooms, basic_altar, serial_corexii_hall,
          corexii_hall_statues_x, corexii_hall_statues_s, nicolae_water_bricks,
          portal_ice_cave_entry_imps, kennysheep_boxes, uniq_azrael
D:15:     hangedman_depths_entry_try_elsewhere_first, layout_basic,
          serial_park_tiny_pond, hex_medium
Temple:   nicolae_temple_figure_eight
Lair:1:   layout_gridlike
Lair:2:   layout_long_grid, basic_altar, guppyfry_lair_drakes
Lair:3:   layout_layer_cave, minmay_swamp_entry_eels, beast_lair_carwin_10,
          grunt_megastairs_2
Lair:4:   layout_small_grid, nicolae_spider_entry_non_spiders,
          roderic_carrion_pond, uniq_sonja
Lair:5:   layout_roguey, gammafunk_ghost_split, special_room
          [special_room_mythical_zoo], kennysheep_catoblepas_arena,
          lemuel_fruit_tree
Lair:6:   guppyfry_lair_end_dragon, layout_gridlike,
          dpeg_slime_entry_enclosed_altar, gammafunk_ghost_icy, pond
Swamp:1:  layout_basic_swamp, evilmike_swamp_ruin_house_1, uniq_josephine
Swamp:2:  layout_basic_swamp, ebering_ghost_reflecting_pool,
          evilmike_swamp_ruin_house_2, uniq_frances, uniq_nikola
Swamp:3:  layout_basic_swamp, nicolae_swamp_fairy_circle, swamp_pool1,
          nicolae_swamp_very_dense_foliage
Swamp:4:  swamp_icy, layout_basic_swamp
Spider:1: layout_spider_delve, uniq_donald
Spider:2: layout_spider_delve, gammafunk_ghost_berserking_beasts
Spider:3: layout_chambers, guppyfry_hornet_nest
Spider:4: grunt_spider_rune_island
Orc:1:    layout_caves
Orc:2:    st_orc_rangers, layout_caves, basic_altar, serial_shops,
          shop_fountains, elves_outpost_lemuel
Elf:1:    eino_elf_arrival_shootout, layout_gridlike, orc_legates,
          minmay_elf_demonology, grunt_megastairs_3, uniq_aizul, uniq_kirke,
          uniq_louise
Elf:2:    layout_geoelf_grid, serial_shops, nicolae_shop_crystal,
          minmay_shop_star, uniq_agnes
Elf:3:    minmay_elf_hall_x, layout_gridlike, grunt_megastairs_5
Vaults:1: grunt_vaults_twisty, nicolae_vaults_network_quinsquares
          [nicolae_vaults_network_quincunx_subvault,
          nicolae_vaults_network_quincunx_subvault,
          nicolae_vaults_network_quincunx_subvault,
          nicolae_vaults_network_quincunx_subvault],
          nicolae_vaults_twisting_passages, vaults_room_grunt_arrival_ludios,
          nicolae_vaults_three_branches, nicolae_vaults_yaktaur_gun_rack,
          vaults_room_stairs_pillars, layout_vaults_chaotic_city
Vaults:2: grunt_vaults_hallway_long, v_misc_33, hangedman_vaults_slice,
          dpeg_vaults_monster_row, nicolae_vaults_angled_halls,
          hangedman_vaults_capsules, minmay_crypt_entry_simple_corners,
          nicolae_vaults_network_square, nicolae_vaults_what_the_h,
          nicolae_vaults_asterisk, vaults_room_semicircle, v_misc_15,
          nicolae_vaults_shelves_hall, layout_vaults_omnicross, basic_altar
Vaults:3: hangedman_vaults_nails, nicolae_vaults_mini_display_case,
          nicolae_vaults_circle_grid_b, nicolae_vaults_little_squares_5,
          nicolae_vaults_network_star, vaults_mumra_minichess, st_squares,
          nicolae_vaults_network_periphery, v_misc_18, grunt_vaults_focal,
          vaults_room_pools, vaults_dpeg_ring, vaults_dpeg_spiral,
          nicolae_vaults_asterisk, vaults_room_pools, layout_vaults_omnibox,
          nicolae_trove_entry_free_sample, uniq_boris
Vaults:4: v_pattern_1, vaults_dpeg_diagonal, vaults_room_semicircle,
          vaults_room_pool, vaults_room_guarded_vault, v_misc_9,
          vaults_room_corners, nicolae_vaults_sealed_display,
          layout_vaults_quadrants, serial_shops, shop,
          portal_desolation_entry_nicolae_nacl
Depths:1: layout_basic, hell_entry, hangedman_decor_push,
          minmay_room_of_horrors, nicolae_two_hexagons,
          chequers_serial_rivers_micro_a, hangedman_decor_opposing,
          feat_on_display
Depths:2: minmay_octo_star, layout_basic, grunt_hell_entry_dis_mu, st_stairs_10,
          item_on_display_a, serial_bayou_shore_a,
          infiniplex_staircase_zigzag_5, uniq_enchantress, uniq_asterion,
          uniq_saint_roka
Depths:3: gammafunk_sealed_library, layout_gridville, pan_entry, hellmouth_1,
          nrook_mini_backslash, kennysheep_nondecorative_pillar

Skill      XL: |  1  2  3  4  5  6  7  8  9 10 11 12 13 14 15 16 17 18 19 20 21 |
---------------+----------------------------------------------------------------+-----
Fighting       | 1 2 3 4 6 8 10 11 13 14 15 | 15.5
Conjurations   | 2 3 4 7 8 9 10 14 15 | 15.5
Spellcasting   | 3 4 5 7 8 9 10 11 12 13 15 16 17 | 17.2
Shields        | 1 2 4 11 12 | 12.3
Armour         | 1 2 4 5 |  5.0
Dodging        | 3 4 5 8 10 11 13 | 13.2
Air Magic      | 5 6 9 10 12 13 14 15 18 | 18.0
Summonings     | 5 9 11 12 13 | 13.3
Evocations     | 3 4 6 |  6.9
Earth Magic    | 5 |  5.9
Stealth        | |  2.0
Charms         | |  0.8
Translocations | |  0.8

Action                   |  1- 3 |  4- 6 |  7- 9 | 10-12 | 13-15 | 16-18 | 19-21 || total
-------------------------+-------+-------+-------+-------+-------+-------+-------++-------
Melee: Unarmed           |     4 |    13 |       |       |       |       |       ||    17
       Peck              |     2 |     1 |       |       |     7 |     4 |     7 ||    21
       Dagger            |       |    23 |       |       |       |       |       ||    23
       Kick              |       |     6 |       |       |    11 |     9 |     2 ||    28
       Staff             |       |       |       |     1 |    25 |    25 |    10 ||    61
 Fire: Hunting sling     |       |     4 |       |       |       |       |       ||     4
Throw: Stone             |       |     4 |       |       |       |       |       ||     4
 Cast: Shock             |    74 |   111 |   274 |   513 |   183 |    31 |       ||  1186
       Static Discharge  |       |     7 |    37 |    73 |    59 |    72 |     3 ||   251
       Airstrike         |       |       |    18 |   179 |   459 |   610 |   378 ||  1644
       Swiftness         |       |       |     1 |       |     8 |    13 |     3 ||    25
       Lightning Bolt    |       |       |       |    20 |   131 |   225 |    91 ||   467
       Orb of Destructio |       |       |       |       |    40 |    52 |    41 ||   133
       Spellforged Servi |       |       |       |       |    32 |    33 |    49 ||   114
       Conjure Flame     |       |       |       |       |     5 |     3 |       ||     8
       Blink             |       |       |       |       |    12 |     9 |     4 ||    25
       Apportation       |       |       |       |       |     5 |    30 |    36 ||    71
       Summon Lightning  |       |       |       |       |       |   109 |    34 ||   143
       Mephitic Cloud    |       |       |       |       |       |    10 |     1 ||    11
       Deflect Missiles  |       |       |       |       |       |     3 |     2 ||     5
       Iron Shot         |       |       |       |       |       |       |   193 ||   193
       Shadow Creatures  |       |       |       |       |       |       |    36 ||    36
       Tornado           |       |       |       |       |       |       |     1 ||     1
Invok: Curse Item        |       |       |     2 |     2 |     1 |     3 |     2 ||    10
       Scrying           |       |       |       |       |       |     3 |     3 ||     6
 Abil: Fly               |       |     1 |       |       |       |       |     2 ||     3
       Stop Flying       |       |       |       |       |       |       |     2 ||     2
Evoke: Wand              |       |       |       |     2 |       |    18 |       ||    20
  Use: Potion            |     1 |     3 |       |       |     8 |     5 |     3 ||    20
       Scroll            |     1 |     3 |     4 |    11 |    21 |    19 |     6 ||    65
 Stab: Invisible         |       |     2 |       |       |       |       |       ||     2
       Confused          |       |       |       |       |       |     1 |       ||     1
  Eat: Chunk             |     3 |     9 |    11 |    36 |    60 |    55 |    61 ||   235
       Ration            |       |     1 |     3 |     3 |    13 |    16 |     7 ||    43
Armor: Robe              |     8 |     9 |    21 |       |       |       |       ||    38
       Skin              |     2 |    18 |       |       |       |       |       ||    20
       Leather armour    |       |     1 |       |       |       |       |       ||     1
       Ring mail         |       |       |       |    46 |    65 |       |       ||   111
       Acid dragon scale |       |       |       |       |     1 |    61 |    13 ||    75
Dodge: Dodged            |    28 |    50 |    60 |   147 |   231 |   234 |   108 ||   858
       Deflected         |       |       |       |       |       |    12 |    21 ||    33
Block: Buckler           |       |     4 |    31 |   134 |   211 |    48 |       ||   428
       Reflection        |       |       |       |     6 |    42 |    46 |    56 ||   150
       Shield            |       |       |       |       |       |   377 |   190 ||   567
